 Dungeon Crawl Stone Soup version 0.19-a0-376-gf780d9b (webtiles) character file.

72 epen the Gusty (level 4, -2/25 HPs)
             Began as a Deep Elf Air Elementalist on May 30, 2016.
             Slain by Sigmund
             ... wielding a +0 scythe
              (4 damage)
             ... on level 2 of the Dungeon.
             The game lasted 00:04:27 (2018 turns).

epen the Gusty (Deep Elf Air Elementalist)          Turns: 2018, Time: 00:04:28

Health: -2/25      AC:  2    Str: 10    XL:     4   Next: 7%
Magic:  8/11       EV: 13    Int: 21    God:
Gold:   121        SH:  0    Dex: 15    Spells: 3 memorised, 4 levels left

rFire  . . .     SeeInvis .     e - +0 dagger
rCold  . . .     Gourm    .     a - +0 robe
rNeg   . . .     Faith    .     (no shield)
rPois  .         Spirit   .     (no helmet)
rElec  .         Dismiss  .     (no cloak)
rCorr  .         Reflect  .     (no gloves)
SustAt .         Harm     .     (no boots)
MR     .....                    (no amulet)
Stlth  ++........               (no ring)
                                (no ring)

@: mighty, flying, repel missiles, not resistant to hostile enchantments,
unstealthy
A: no striking features
a: no special abilities


You were on level 2 of the Dungeon.
You were near starving.

You visited 1 branch of the dungeon, and saw 2 of its levels.

You collected 121 gold pieces.

Inventory:

Hand Weapons
 e - a +0 dagger (weapon)
 g - a +0 mace of draining
Armour
 a - a +0 robe (worn)
Scrolls
 d - 2 scrolls of enchant armour {unknown}
 l - a scroll of remove curse {unknown}
 m - 3 scrolls of identify {unknown}
 n - a scroll of fog {unknown}
 o - a scroll of teleportation {unknown}
Potions
 k - a potion of ambrosia
 q - a potion of degeneration {unknown}
Books
 b - a book of Air

   Spells                             Type                      Level
   a - Shock                          Conjuration/Air              1
   b - Swiftness                      Charms/Air                   2
   c - Repel Missiles                 Charms/Air                   2
   d - Static Discharge               Conjuration/Air              3
   e - Lightning Bolt                 Conjuration/Air              5
Comestibles
 c - 4 bread rations
 f - 2 beef jerkies
 h - 7 fruits


   Skills:
 + Level 1.2 Fighting
 + Level 2.9 Dodging
 - Level 2.4 Stealth
 + Level 3.5 Spellcasting
 * Level 2.1 Conjurations
 * Level 3.6 Air Magic


You had 4 spell levels left.
You knew the following spells:

 Your Spells              Type           Power        Failure   Level  Hunger
a - Shock                 Conj/Air       ###.         4%          1    None
b - Repel Missiles        Chrm/Air       ##....       12%         2    ##.....
c - Static Discharge      Conj/Air       ###.....     14%         3    ###....


Dungeon Overview and Level Annotations

Branches:
Dungeon (2/15)

Altars:
Cheibriados
Ru

Annotations:
D:2 Sigmund


Message History

The puff of flame misses you.
You barely miss Sigmund.
Sigmund is severely wounded.
Sigmund closely misses you.
You barely miss Sigmund.
Sigmund is severely wounded.
Sigmund says, "Now you see me, now you don't..."
Sigmund casts a spell at you. The magic dart hits you!
* * * LOW HITPOINT WARNING * * *
Casting: Static Discharge
Confirm with . or Enter, or press ? or * to list all spells.
Sigmund is struck by lightning.
Sigmund is almost dead.
The lightning arcs!
You are struck by lightning.
* * * LOW HITPOINT WARNING * * *
The lightning grounds out.
You are near starving!
Sigmund hits you with a scythe.
You die...

.....#.#..##...#.##.........#
...............#..........#.#
.......#.###.......###.####.#
...............#.### #.# #.#
..........#....#.### #.# #.#
.........#.#.......# #.# #.#
..###..(#...#..#.#.##### #.#
.. ...#.....#.#@#.....## #.#
. ###.#.≈≈≈.#..@.........
#≈...≈#.#.#........
#≈._.≈#.#.##....... ≈...
#.... ....##. #.##.###.## #.#
.# .# .## .. .. .# ## . .#


You could see Sigmund.

Vanquished Creatures
  An adder (D:2)
  An ooze (D:2)
  A worm (D:2)
  2 dart slugs
  2 giant geckos
  2 ball pythons
  2 goblins
  7 hobgoblins
  9 jackals
  2 quokkas
  4 bats
  A giant newt (D:2)
  6 kobolds (D:1)
  8 rats
48 creatures vanquished.

Notes
Turn   | Place    | Note
--------------------------------------------------------------
     0 | D:1      | epen the Deep Elf Air Elementalist began the quest for the Orb.
     0 | D:1      | Reached XP level 1. HP: 10/10 MP: 6/6
   210 | D:1      | Reached XP level 2. HP: 16/16 MP: 1/8
   574 | D:1      | Learned a level 2 spell: Repel Missiles
   799 | D:1      | Reached XP level 3. HP: 11/20 MP: 6/9
  1274 | D:1      | Learned a level 3 spell: Static Discharge
  1464 | D:2      | Reached skill level 1 in Fighting
  1702 | D:2      | Found a snail-covered altar of Cheibriados.
  1960 | D:2      | Reached XP level 4. HP: 25/25 MP: 7/11
  1988 | D:2      | Noticed Sigmund
  1988 | D:2      | Found a sacrificial altar of Ru.
  2018 | D:2      | Slain by Sigmund

Vault maps used:
D:1:      elethiomel_arrival_quiet
D:2:      kennysheep_slug_shrine, first_bread, nicolae_ru_awakened_eye,
          uniq_sigmund

Skill      XL: |  1  2  3 |
---------------+----------+-----
Conjurations   | 2 |  2.1
Fighting       | 1 |  1.2
Dodging        | |  2.9
Stealth        | |  2.4
Spellcasting   | |  3.5
Air Magic      | |  3.6

Action                   |  1- 3 |  4- 6 || total
-------------------------+-------+-------++-------
Melee: Dagger            |    21 |     6 ||    27
 Cast: Shock             |    86 |     6 ||    92
       Repel Missiles    |     1 |       ||     1
       Static Discharge  |     1 |     3 ||     4
  Use: Potion            |       |     4 ||     4
  Eat: Chunk             |     2 |       ||     2
Armor: Robe              |     7 |       ||     7
Dodge: Dodged            |    48 |     8 ||    56
       Deflected         |     1 |       ||     1
